 Dungeon Crawl Stone Soup version 0.25.1-2-g60ff931 (webtiles) character file.

Game seed: 12501641184991130621

2912 Axonometric the Basher (level 9, -15/62 HPs)
             Began as a Gargoyle Fighter on Aug 29, 2020.
             Was a Follower of Okawaru.
             Demolished by a two-headed ogre
             ... wielding a +0 giant spiked club
              (17 damage)
             ... on level 3 of the Dungeon on Aug 30, 2020.
             The game lasted 00:50:38 (6820 turns).

Axonometric the Basher (Gargoyle Fighter)           Turns: 6820, Time: 00:50:39

Health: -15/62     AC: 15    Str: 21 (23) XL:     9   Next: 78%
Magic:  9/9        EV:  7    Int:  9      God:    Okawaru [*.....]
Gold:   429        SH:  9    Dex:  8 (9)  Spells: 8/8 levels left

rFire    . . .     SeeInvis .   k - +4 whip (venom)
rCold    . . .     Gourm    .   c - +0 kite shield
rNeg     + + .     Faith    .   n - +0 chain mail
rPois    ∞         Spirit   .   (no helmet)
rElec    +         Reflect  .   (no cloak)
rCorr    .         Harm     .   (no gloves)
MR       .....                  (no boots)
Stlth    ..........             (no amulet)
HPRegen  0.20/turn              p - ring of positive energy
MPRegen  0.11/turn              (no ring)

@: no status effects
A: deterioration 1, negative energy resistance 1, robust 1, electricity
resistance, unbreathing, petrification resistance, rot immunity, AC +6
a: Heroism, Renounce Religion


You were on level 3 of the Dungeon.
You worshipped Okawaru.
Okawaru was aware of your devotion.
You were not hungry.

You visited 2 branches of the dungeon, and saw 9 of its levels.

You collected 429 gold pieces.

Inventory:

Hand Weapons
 i - a +2 flail of holy wrath
 k - a +4 whip of venom (weapon)
Missiles
 j - 5 boomerangs (quivered)
 l - 11 javelins
Armour
 c - a +0 kite shield (worn)
 n - a +0 chain mail (worn)
Jewellery
 a - an uncursed amulet of regeneration
 p - a ring of positive energy (left hand)
Wands
 g - a wand of enslavement (11)
 h - a wand of digging (5)
 q - a wand of flame (24)
 t - a wand of paralysis (2)
Scrolls
 b - 4 scrolls of remove curse
 d - a scroll of blinking
 o - 2 scrolls of fog
 r - a scroll of amnesia
Potions
 e - 4 potions of curing
 s - a potion of cancellation
Comestibles
 f - 11 rations


   Skills:
 + Level 7.1 Fighting
 * Level 10.3 Maces & Flails
 + Level 4.0 Armour
 - Level 3.8 Dodging
 + Level 2.1 Stealth
 + Level 4.1 Shields


You had 8 spell levels left.
You didn't know any spells.
Your spell library contained the following spells:

 Spells                   Type           Power        Failure   Level  Hunger
 Magic Dart               Conj           #...         100%        1    ##.....
 Summon Small Mammal      Summ           #...         100%        1    ##.....
 Call Imp                 Summ           #.......     100%        2    ###....
 Searing Ray              Conj           #.....       100%        2    ###....
 Call Canine Familiar     Summ           #.......     100%        3    ####...
 Dazzling Flash           Conj/Hex       #.....       100%        3    ####...
 Summon Guardian Golem    Hex/Summ       #.......     100%        3    ####...
 Fulminant Prism          Conj/Hex       #.........   100%        4    #####..
 Iskenderun's Mystic Bla  Conj/Tloc      #.......     100%        4    #####..
 Summon Ice Beast         Ice/Summ       #.......     100%        4    #####..
 Summon Lightning Spire   Summ/Air       #.......     100%        4    #####..


Dungeon Overview and Level Annotations

Branches:
Dungeon (8/15)             Temple (1/1) D:6
   Lair: D:8-11

Altars:
Ashenzari
Cheibriados
Dithmenos
Elyvilon
Fedhas
Gozag
Hepliaklqana
Kikubaaqudgha
Makhleb
Nemelex Xobeh
Okawaru
Qazlal
Ru
Sif Muna
Trog
Uskayaw
Vehumet
Wu Jian
Xom
Zin
The Shining One

Annotations:
D:8 1 runed translucent door, pokeman's ghost, novice DEWz


Innate Abilities, Weirdness & Mutations

You are resistant to torment.
Your stone body is resilient. (AC +6)
You are immune to poison.
You resist negative energy. (rN+)
You are resistant to electric shocks. (rElec)
You can survive without breathing.
You are immune to petrification.
You are immune to rotting.
Your body sometimes deteriorates upon taking damage.
You are robust. (+10% HP)


Message History

There is an open door here.
There is an open door here.
The two-headed ogre looks more healthy.
There is an open door here.
The two-headed ogre is too close now for your liking.
You see here a +0 dagger.
You see here a +0 spear.
There is an open door here.
You see here a +0 dagger.
There is an open door here.
There is an open door here.
There is a stone staircase leading up here.
There is an open door here.
There is an open door here.
There is a stone staircase leading down here.
You block the two-headed ogre's attack.
The two-headed ogre hits you with a +0 giant club!!
* * * LOW HITPOINT WARNING * * *
The two-headed ogre hits you with a +0 giant spiked club!
You die...

##### #...# #...#
##### #...# #.@.#
#########...###O#.#
........'...'..>#.#
#<#######...#####.#
#'##### #...# #.#
......# ##### #.#
......#
#######'####
......#
#..........#
#'#####
#..........#


You could see a two-headed ogre.

Vanquished Creatures
  Pikel (D:4)
  Grinder (D:3)
  Edmund (D:4)
  A black bear (D:6)
  4 ogres
  2 centaurs
  5 bullfrogs
  A water moccasin zombie (D:5)
  3 howler monkeys
  2 bullfrog zombies (D:5)
  2 crimson imps
  3 jellies
  8 hounds
  6 orc wizards
  An orc priest (D:5)
  An iguana (D:5)
  5 worker ants
  2 hound skeletons
  A worker ant zombie (D:6)
  6 gnolls
  6 adders
  A shadow imp (D:7)
  An ooze (D:4)
  An adder zombie (D:6)
  2 worms
  2 dart slugs
  2 leopard geckos
  12 orcs
  8 giant cockroaches
  9 goblins
  10 hobgoblins
  6 jackals
  4 quokkas
  A ball python (D:6)
  9 bats
  6 frilled lizards
  A jackal skeleton (D:6)
  9 kobolds
  2 leopard gecko skeletons (D:5)
  4 rats
152 creatures vanquished.

Notes
Turn   | Place    | Note
-------+----------+-------------------------------------------
     0 | D:1      | Axonometric the Gargoyle Fighter began the quest for the
                  | Orb.
     0 | D:1      | Reached XP level 1. HP: 14/14 MP: 1/1
   152 | D:1      | Reached XP level 2. HP: 16/20 MP: 2/2
   434 | D:1      | Reached XP level 3. HP: 24/24 MP: 3/3
  1372 | D:3      | Reached skill level 1 in Dodging
  1384 | D:3      | Noticed a two-headed ogre
  1543 | D:3      | Reached XP level 4. HP: 27/30 MP: 4/4
  1635 | D:3      | Reached skill level 5 in Fighting
  1646 | D:3      | Reached XP level 5. HP: 4/35 MP: 5/5
  2085 | D:3      | Noticed Grinder
  2400 | D:3      | Reached XP level 6. HP: 41/41 MP: 6/6
  2887 | D:4      | Noticed Edmund
  3015 | D:4      | Reached skill level 1 in Stealth
  3244 | D:4      | Noticed a slave
  3245 | D:4      | Noticed a slave
  3246 | D:4      | Noticed Pikel
  3281 | D:4      | Killed Pikel
  3281 | D:4      | Reached skill level 5 in Maces & Flails
  3281 | D:4      | Reached XP level 7. HP: 44/46 MP: 7/7
  3458 | D:4      | Killed Edmund
  3458 | D:4      | Reached XP level 8. HP: 51/51 MP: 8/8
  3558 | D:4      | Gained mutation: Your body sometimes deteriorates upon
                  | taking damage. [potion of mutation]
  3558 | D:4      | Gained mutation: You are robust. (+10% HP) [potion of
                  | mutation]
  3562 | D:5      | Entered Level 5 of the Dungeon
  3593 | D:5      | Reached skill level 6 in Maces & Flails
  3985 | D:5      | Reached skill level 7 in Maces & Flails
  4295 | D:5      | Reached skill level 8 in Maces & Flails
  4549 | D:6      | Found a staircase to the Ecumenical Temple.
  4606 | Temple   | Entered the Ecumenical Temple
  4773 | Temple   | Became a worshipper of Warmaster Okawaru
  4824 | D:6      | Reached XP level 9. HP: 46/61 MP: 9/9
  4857 | D:6      | Found the +7 Spriggan's Knife {stab, EV+4 Stlth+}
  4920 | D:6      | Reached skill level 9 in Maces & Flails
  5347 | D:7      | Reached * piety under Okawaru
  5666 | D:7      | Reached skill level 10 in Maces & Flails
  5948 | D:8      | Noticed a two-headed ogre
  6073 | D:8      | Found a runed translucent door.
  6074 | D:8      | Noticed pokeman's ghost (novice DEWz)
  6476 | D:3      | Killed Grinder
  6719 | D:3      | HP: 1/62 [two-headed ogre/+0 giant spiked club (24)]
  6818 | D:3      | HP: 2/62 [two-headed ogre/+0 giant spiked club (19)]
  6820 | D:3      | Demolished by a two-headed ogre

Illustrated notes

Levels and vault maps discovered:
D:1:      ncdulo_lavacross, layout_rooms
D:2:      layout_basic, first_ration, minmay_pentomino_z2
D:3:      layout_basic, uniq_grinder
D:4:      layout_loops_corners, uniq_pikel, uniq_edmund
D:5:      layout_rooms, grunt_ministairs_13, kennysheep_diamond,
          minmay_misc_feat_enclosed
D:6:      layout_cave_pools, minmay_temple_entry_waves, grunt_tough_drop
D:7:      layout_loops_ring
D:8:      layout_gridville, yredelemnul_altar_generic, ebering_ghost_inner_flame
Temple:   compressed_dpeg_circular_temple

Skill      XL: |  1  2  3  4  5  6  7  8  9 |
---------------+----------------------------+-----
Fighting       | 4 5 6 7 |  7.1
Dodging        | 1 3 |  3.8
Stealth        | 1 2 |  2.1
Maces & Flails | 5 8 10 | 10.3
Armour         | 4 |  4.0
Shields        | 4 |  4.1

Action                   |  1- 3 |  4- 6 |  7- 9 || total
-------------------------+-------+-------+-------++-------
Melee: Flail             |   163 |   113 |       ||   276
       Whip              |       |    86 |   359 ||   445
  Use: Scroll            |     6 |     1 |     6 ||    13
       Potion            |     5 |       |     4 ||     9
 Stab: Sleeping          |     1 |       |       ||     1
  Eat: Chunk             |     2 |     5 |     8 ||    15
       Ration            |       |     1 |     1 ||     2
Armor: Scale mail        |    83 |    93 |       ||   176
       Chain mail        |       |       |   127 ||   127
Dodge: Dodged            |    42 |    47 |    53 ||   142
Block: Kite shield       |    95 |    92 |   112 ||   299
